 Dungeon Crawl Stone Soup version 0.20-a0 (webtiles) character file.

393 varam the Ruffian (level 6, 0/51 HPs)
             Began as a Ghoul Monk on Oct 27, 2016.
             Slain by Edmund
             ... wielding a +3 flail of holy wrath
              (1 damage)
             ... on level 4 of the Dungeon.
             The game lasted 00:08:12 (2023 turns).

varam the Ruffian (Ghoul Monk)                      Turns: 2023, Time: 00:08:12

Health: 0/51       AC:  4    Str: 15    XL:     6   Next: 81%
Magic:  5/5        EV: 13    Int:  5    God:
Gold:   101        SH:  0    Dex: 13    Spells: 0 memorised, 5 levels left

rFire  . . .     SeeInvis .       - Unarmed
rCold  + + .     Gourm    .     a - +0 robe
rNeg   + + +     Faith    .     (no shield)
rPois  ∞         Spirit   .     q - +0 helmet
rElec  .         Reflect  .     (no cloak)
rCorr  .         Harm     .     (no gloves)
MR     .....                    l - +0 pair of boots (curse)
Stlth  +++.......               (no amulet)
                                d - ring of protection from cold
                                r - ring of stealth

@: rotting
A: rotting body, claws 1, carnivore 3, cold resistance 1, negative energy
resistance 3, slow regeneration 1, torment resistance, unbreathing
a: no special abilities


You were on level 4 of the Dungeon.
You were not hungry.

You visited 1 branch of the dungeon, and saw 4 of its levels.

You collected 101 gold pieces.

Inventory:

Armour
 a - a +0 robe (worn)
 l - a cursed +0 pair of boots (worn)
 q - a +0 helmet (worn)
Jewellery
 d - a ring of protection from cold (right claw)
 r - a ring of stealth (left claw)
Scrolls
 f - a scroll of teleportation {unknown}
 g - 5 scrolls of identify {unknown}
 h - a scroll of magic mapping {unknown}
 k - a scroll of amnesia {unknown}
 n - 2 scrolls of remove curse {unknown}
 o - a scroll of enchant armour {unknown}
Potions
 c - a potion of heal wounds {unknown}
 e - a potion of flight {unknown}
 i - a potion of berserk rage {unknown}
 j - a potion of resistance {unknown}
 m - a potion of brilliance {unknown}
 p - a potion of invisibility {unknown}
Comestibles
 b - 3 meat rations
 s - a chunk of flesh
 t - a slice of pizza


   Skills:
 - Level 3.2 Fighting
 - Level 2.6 Dodging
 - Level 2.8 Stealth
 * Level 7.9 Unarmed Combat


You had 5 spell levels left.
You didn't know any spells.

Dungeon Overview and Level Annotations

Branches:
Dungeon (4/15)
 Temple: D:4-7

Altars:

Annotations:
D:4 Edmund


Innate Abilities, Weirdness & Mutations

Your body is rotting away.
You thrive on raw meat.
You are immune to poison.
You have sharp fingernails.
You are carnivorous and can eat meat at any time.
Your flesh is cold resistant. (rC+)
You are immune to negative energy. (rN+++)
You regenerate slowly when monsters are visible.
You are immune to unholy pain and torment.
You can survive without breathing.


Message History

Edmund is lightly wounded.
Edmund hits you with a flail of holy wrath.
You convulse.
You claw Edmund! Your claw misses Edmund.
Edmund is heavily wounded.
You scratch Edmund but do no damage.
Edmund is heavily wounded.
Edmund hits you with a flail of holy wrath!
You convulse!
* * * LOW HITPOINT WARNING * * *
Eat a chunk of flesh? (ye/n/q)
Okay, then.
Things that are here:
an enchanted whip; an orc skeleton Eat a chunk of flesh? (ye/n/q)
You start eating the chunk of flesh.
Edmund hits you with a flail of holy wrath!
* * * LOW HITPOINT WARNING * * *
You convulse.
You die...

#.# #....# #.# #....#
###.####.<..# # #.........#.#
########## # #.#.......#.#
#........# # #.#########.#
#.....##.### #.# #.#..
+)....##.#.'
###'#######.########.....##.#.#
#........##...@@..........#.#.#
#.....#.......................'
#.....#.....#############)....#
#.....#.....#############..####
#.....#........##.............+
#.....#........##..........####
#.....#..#.#...##..........####
#.....#.>..+...'.....###.......
#.....##.###...#####..##.......


You could see Edmund.

Vanquished Creatures
  Sigmund (D:2)
  Jessica (D:2)
  Terence (D:2)
  2 worker ants (D:4)
  A gnoll (D:1)
  4 adders
  4 worms (D:2)
  4 dart slugs
  A leopard gecko (D:1)
  4 orcs (D:4)
  A ball python (D:1)
  6 bats
  4 giant cockroaches
  13 hobgoblins
  3 jackals (D:1)
  4 kobolds
  A frilled lizard (D:2)
  8 goblins
  5 rats
68 creatures vanquished.

Notes
Turn   | Place    | Note
-------+----------+-------------------------------------------
     0 | D:1      | varam the Ghoul Monk began the quest for the Orb.
     0 | D:1      | Reached XP level 1. HP: 19/19 MP: 0/0
    84 | D:1      | Reached XP level 2. HP: 16/26 MP: 1/1
   231 | D:1      | Reached skill level 4 in Unarmed Combat
   290 | D:1      | Reached XP level 3. HP: 29/31 MP: 2/2
   542 | D:2      | Noticed Jessica
   564 | D:2      | Killed Jessica
   564 | D:2      | Reached skill level 5 in Unarmed Combat
   564 | D:2      | Reached XP level 4. HP: 15/38 MP: 3/3
  1285 | D:2      | Noticed Terence
  1298 | D:2      | Killed Terence
  1298 | D:2      | Reached skill level 6 in Unarmed Combat
  1298 | D:2      | Reached XP level 5. HP: 45/45 MP: 4/4
  1493 | D:2      | Noticed Sigmund
  1518 | D:2      | Killed Sigmund
  1518 | D:2      | Reached skill level 7 in Unarmed Combat
  1518 | D:2      | Reached XP level 6. HP: 18/51 MP: 5/5
  1987 | D:4      | Noticed Edmund
  2023 | D:4      | HP: 1/51 [Edmund/flail of holy wrath (7)]
  2023 | D:4      | Slain by Edmund

Vault maps used:
D:1:      minmay_arrival_semitransparent, minmay_cut_off
D:2:      minmay_hexomino_c4, uniq_sigmund, uniq_jessica, uniq_terence
D:4:      fedhas_altar_3, uniq_edmund

Skill      XL: |  1  2  3  4  5 |
---------------+----------------+-----
Unarmed Combat | 4 5 6 7 |  7.9
Fighting       | |  3.2
Dodging        | |  2.6
Stealth        | |  2.8

Action                   |  1- 3 |  4- 6 || total
-------------------------+-------+-------++-------
Melee: Unarmed           |    94 |   128 ||   222
       Punch             |     3 |     7 ||    10
 Stab: Sleeping          |     2 |     8 ||    10
  Eat: Chunk             |    12 |    19 ||    31
       Beef jerky        |     1 |       ||     1
Armor: Robe              |    12 |    17 ||    29
Dodge: Dodged            |    54 |    67 ||   121
